 Dungeon Crawl Stone Soup version 0.23.2-11-gf996548c65 (webtiles) character file.

Game seed: 10310969433229199294

7952 MalarOregon the Grappler (level 11, -2/90 (91) HPs)
             Began as a Ghoul Warper on June 4, 2019.
             Was a Believer of Makhleb.
             Slain by an unseen horror (7 damage)
             ... on level 11 of the Dungeon.
             The game lasted 00:38:34 (11155 turns).

MalarOregon the Grappler (Ghoul Warper)            Turns: 11155, Time: 00:38:35

HP:   -2/90 (91)    AC:  7    Str: 24    XL:     11   Next: 23%
MP:   17/17         EV: 11    Int: 10    God:    Makhleb [**....]
Gold: 113           SH:  9    Dex:  9    Spells: 16/20 levels left

rFire    . . .     SeeInvis .     - Unarmed
rCold    + . .     Gourm    .   K - +2 shield
rNeg     + + +     Faith    .   a - +0 leather armour
rPois    ∞         Spirit   .   i - +0 helmet
rElec    .         Reflect  .   q - +0 cloak
rCorr    .         Harm     .   (no gloves)
MR       .....                  k - +0 pair of boots
Stlth    +++.......             (no amulet)
HPRegen  0.00/turn              j - +3 ring of strength
MPRegen  0.15/turn              g - +3 ring of slaying

@: mighty, rotting
A: rotting body, claws 1, carnivore, cold resistance 1, negative energy
resistance 3, inhibited regeneration, torment resistance, unbreathing
a: Minor Destruction, Renounce Religion


You were on level 11 of the Dungeon.
You worshipped Makhleb.
Makhleb was pleased with you.
You were not hungry.

You visited 2 branches of the dungeon, and saw 12 of its levels.

You collected 504 gold pieces.
You spent 391 gold pieces at shops.

Inventory:

Missiles
 b - 8 poisoned needles
 f - 219 stones
 r - 6 needles of confusion
 s - 4 javelins of penetration
 y - 8 tomahawks
 I - 2 javelins (quivered)
Armour
 a - a +0 leather armour (worn)
 i - a +0 helmet (worn)
   (You found it on level 1 of the Dungeon)
 k - a +0 pair of boots (worn)
   (You found it on level 1 of the Dungeon)
 q - a +0 cloak (worn)
   (You took it off Crazy Yiuf on level 3 of the Dungeon)
 K - a +2 shield (worn)
   (You found it on level 10 of the Dungeon)
Magical Staves
 o - an uncursed staff of poison
   (You found it on level 5 of the Dungeon)
Jewellery
 g - a +3 ring of slaying (right claw)
   (You found it on level 6 of the Dungeon)
 j - a +3 ring of strength (left claw)
   (You found it on level 2 of the Dungeon)
 v - an uncursed ring of wizardry
   (You found it on level 6 of the Dungeon)
Wands
 d - a wand of iceblast (11)
   (You found it on level 4 of the Dungeon)
 m - a wand of clouds (8)
   (You found it on level 10 of the Dungeon)
 u - a wand of paralysis (6)
   (You found it on level 4 of the Dungeon)
Scrolls
 c - 2 scrolls of blinking
 h - 10 scrolls of remove curse {@r2}
 l - 7 scrolls of teleportation {@r4}
 p - 2 scrolls of immolation {!r}
 w - a scroll of amnesia {unknown}
 x - a scroll of identify {@r1}
 A - 2 scrolls of noise {!r}
 C - a scroll of summoning {unknown}
 G - 2 scrolls of enchant weapon {unknown}
 J - a scroll of magic mapping
Potions
 n - 7 potions of curing {@q1}
 t - a potion of brilliance
 z - a potion of invisibility
 B - 2 potions of berserk rage {unknown}
 D - a potion of resistance {unknown}
 E - 2 potions of cancellation {unknown}
 F - a potion of magic {unknown}
 H - a potion of might
Comestibles
 e - 15 rations {!d}


   Skills:
 + Level 6.5 Fighting
 + Level 5.3 Throwing
 + Level 5.2 Armour
 + Level 5.5 Dodging
 + Level 6.7 Stealth
 + Level 0.0 Shields
 * Level 9.3 Unarmed Combat
 + Level 5.1 Spellcasting
 - Level 2.6 Translocations
 + Level 3.7 Invocations
 + Level 2.9 Evocations


You had 16 spell levels left.
You knew the following spells:

 Your Spells              Type           Power        Failure   Level  Hunger
b - Blink                 Tloc           N/A          65%         2    ##.....
q - Shroud of Golubria    Chrm/Tloc      #.........   83%         2    ##.....

Your spell library contained the following spells:

 Spells                   Type           Power        Failure   Level  Hunger
 Gell's Gravitas          Tloc           #.........   87%         3    ###....
 Lesser Beckoning         Tloc           #.........   87%         3    ###....
 Teleport Other           Tloc           #.......     87%         3    ###....
 Passage of Golubria      Tloc           N/A          99%         4    ####...


Dungeon Overview and Level Annotations

Branches:
Dungeon (11/15)            Temple (1/1) D:7             Orc (0/2) D:10
   Lair: D:8-11

Altars:
Ashenzari
Cheibriados
Dithmenos
Elyvilon
Fedhas
Gozag
Hepliaklqana
Kikubaaqudgha
Makhleb
Nemelex Xobeh
Okawaru
Qazlal
Ru
Sif Muna
Trog
Uskayaw
Vehumet
Wu Jian
Xom
Yredelemnul
Zin
The Shining One

Shops:
D:4 ((   D:6 =   D:7 *   D:8 ?(*}

Annotations:
D:9 3 runed translucent doors, Grendash's ghost, novice HOFi
D:10 3 runed translucent doors, shugdite's ghost, journeyman MiBe


Innate Abilities, Weirdness & Mutations

Your body is rotting away.
You thrive on raw meat.
You are immune to poison.
You have sharp fingernails.
You are carnivorous and can eat meat at any time.
Your flesh is cold resistant. (rC+)
You are immune to negative energy. (rN+++)
You do not regenerate when monsters are visible.
You are immune to unholy pain and torment.
You can survive without breathing.


Message History

Something hits you but does no damage. Something hits you.
* * * LOW HITPOINT WARNING * * *
The hungry ghost closely misses you.
Unknown command.
You closely miss something. Something hits you.
* * * LOW HITPOINT WARNING * * *
You block the hungry ghost's attack.
Unknown command.
Unknown command.
You feel your flesh rotting away. Something hits you.
* * * LOW HITPOINT WARNING * * *
You see here a javelin.
Something hits you.
* * * LOW HITPOINT WARNING * * *
You block the hungry ghost's attack.
There is a stone staircase leading up here.
Unknown command.
You closely miss the hungry ghost. Something hits you.
* * * LOW HITPOINT WARNING * * *
The hungry ghost hits you. You block the hungry ghost's attack.
It was a potion of might.
You feel very mighty all of a sudden. Something hits you.
* * * LOW HITPOINT WARNING * * *
The hungry ghost hits you.
* * * LOW HITPOINT WARNING * * *
You miss the hungry ghost. Something barely misses you.
You claw the hungry ghost! Something hits you but does no damage.
The hungry ghost hits you.
Throwing (i - inventory. (/) - cycle)
I - 4 javelins (quivered)
You throw a javelin. Something hits you.
* * * LOW HITPOINT WARNING * * *
Something hits you but does no damage. The hungry ghost hits you.
* * * LOW HITPOINT WARNING * * *
The hungry ghost barely misses you.
You scratch something. Something hits you but does no damage.
Throwing (i - inventory. (/) - cycle)
I - 3 javelins (quivered)
You throw a javelin. Something hits you!
* * * LOW HITPOINT WARNING * * *
Something hits you!
You die...

≈##. ;
≈≈#.##+## ≈≈
≈≈.#...# ≈≈≈
#≈.#...#
≈≈#/.#(..# #
##≈..#@W##.#
#≈#....#{.##.#
.......(..(..#
.....###...###
### #.....#
#.#...#
#.....#
####.## #.#


You could see a hungry ghost.

Vanquished Creatures
  A two-headed ogre (D:10)
  Urug (D:10)
  Pikel (D:6)
  A manticore (D:10)
  A hippogriff (D:10)
  2 slime creatures (D:9)
  A hungry ghost (D:10)
  Menkaure (D:7)
  Edmund (D:4)
  A water moccasin (D:8)
  2 black bears
  3 sky beasts
  6 ogres
  5 ice beasts
  A phantom (D:9)
  4 necrophages
  7 centaurs
  5 bullfrogs
  2 scorpions
  A water moccasin skeleton (D:5)
  6 killer bees (D:10)
  A wight (D:8)
  3 vampire bats (D:8)
  3 crimson imps
  A quasit (D:10)
  2 bullfrog zombies
  A jelly (D:8)
  Crazy Yiuf (D:3)
  A gnoll shaman (D:7)
  5 hounds
  2 centaur skeletons
  An orc priest (D:3)
  9 orc wizards
  A bullfrog skeleton (D:4)
  Jessica (D:3)
  3 iguanas
  9 worker ants
  2 hound skeletons
  A hound zombie (D:6)
  A worker ant zombie (D:6)
  2 howler monkey zombies
  11 gnolls
  12 adders
  A shadow imp (D:10)
  2 oozes
  4 adder zombies
  A worm (D:3)
  6 dart slugs
  5 leopard geckos
  32 orcs
  4 bats
  A bat skeleton (D:8)
  3 bat zombies (D:8)
  5 giant cockroaches
  8 goblins
  8 hobgoblins
  7 jackals
  3 quokkas
  A ball python (D:1)
  4 frilled lizards
  11 kobolds
  6 rats
  2 plants (D:5)
240 creatures vanquished.

Vanquished Creatures (others)
  A hound (D:6)
  3 fungi (D:10)
  A plant (D:10)
5 creatures vanquished.

Grand Total: 245 creatures vanquished

Notes
Turn   | Place    | Note
-------+----------+-------------------------------------------
     0 | D:1      | MalarOregon the Ghoul Warper began the quest for the Orb.
     0 | D:1      | Reached XP level 1. HP: 17/17 MP: 2/2
   187 | D:1      | Reached skill level 1 in Throwing
   187 | D:1      | Reached skill level 1 in Armour
   187 | D:1      | Reached XP level 2. HP: 6/24 MP: 3/3
   597 | D:1      | Reached XP level 3. HP: 22/30 MP: 5/5
   736 | D:1      | Reached skill level 1 in Stealth
  1339 | D:2      | Reached XP level 4. HP: 27/37 MP: 6/6
  1373 | D:2      | Reached skill level 3 in Unarmed Combat
  1733 | D:2      | Found a glowing golden altar of the Shining One.
  2259 | D:3      | Noticed Jessica
  2264 | D:3      | Killed Jessica
  2264 | D:3      | Reached XP level 5. HP: 42/44 MP: 7/7
  2564 | D:3      | Found a runed translucent door.
  2565 | D:3      | Noticed Crazy Yiuf
  2695 | D:3      | Reached XP level 6. HP: 51/51 MP: 8/8
  2705 | D:3      | Learned a level 2 spell: Blink
  2708 | D:3      | Learned a level 2 spell: Shroud of Golubria
  2909 | D:3      | Found a sparkling altar of Nemelex Xobeh.
  2926 | D:3      | Reached skill level 4 in Unarmed Combat
  3251 | D:3      | Killed Crazy Yiuf
  3448 | D:4      | Reached XP level 7. HP: 34/57 MP: 8/10
  3488 | D:4      | Noticed Edmund
  3886 | D:4      | Found Kehubitz's Weapon Emporium.
  3926 | D:4      | Found Utaesaud's Antique Weapon Shop.
  3971 | D:4      | Reached skill level 5 in Unarmed Combat
  4032 | D:4      | Bought 4 javelins of penetration for 124 gold pieces
  4062 | D:4      | Killed Edmund
  4062 | D:4      | Reached XP level 8. HP: 33/66 MP: 11/11
  4546 | D:5      | Entered Level 5 of the Dungeon
  5449 | D:5      | Reached skill level 6 in Unarmed Combat
  6298 | D:6      | Reached XP level 9. HP: 55/72 MP: 13/13
  6354 | D:6      | Noticed Pikel
  6379 | D:6      | Killed Pikel
  6379 | D:6      | Reached skill level 7 in Unarmed Combat
  6439 | D:6      | Reached skill level 5 in Fighting
  6591 | D:6      | Reached skill level 5 in Stealth
  6601 | D:6      | Found Barac's Jewellery Shop.
  6763 | D:6      | Found a bloodstained altar of Trog.
  6903 | D:6      | Got a crude ring mail
  6914 | D:6      | Identified the +4 ring mail "Perasiad" {rElec rF- Int+4}
                  | (You found it on level 6 of the Dungeon)
  7189 | D:7      | Found a glowing silver altar of Zin.
  7189 | D:7      | Found a burning altar of Makhleb.
  7194 | D:7      | Found a shadowy altar of Dithmenos.
  7197 | D:7      | Became a worshipper of Makhleb the Destroyer
  7270 | D:7      | Found a staircase to the Ecumenical Temple.
  7277 | Temple   | Entered the Ecumenical Temple
  7394 | D:7      | Found an iron altar of Okawaru.
  7593 | D:7      | Noticed Menkaure
  7596 | D:7      | Killed Menkaure
  7775 | D:7      | Found Vahit's General Store.
  7779 | D:7      | Bought a scroll of remove curse for 36 gold pieces
  7779 | D:7      | Bought a potion of invisibility for 96 gold pieces
  7779 | D:7      | Bought a scroll of noise for 12 gold pieces
  7930 | D:8      | Found Xuiwasua's Gadget Shop.
  7932 | D:8      | Found an opulent altar of Gozag.
  7956 | D:8      | Reached skill level 1 in Invocations
  8089 | D:8      | Reached skill level 1 in Evocations
  8089 | D:8      | Reached XP level 10. HP: 61/81 MP: 15/15
  8137 | D:8      | Found Tavick's Antique Weapon Shop.
  8139 | D:8      | Found Husupp's Assorted Antiques.
  8152 | D:8      | Reached * piety under Makhleb
  8152 | D:8      | Reached skill level 8 in Unarmed Combat
  8171 | D:8      | Found Cumawat's Magic Scroll Shop.
  8176 | D:8      | Bought a smoky pink potion for 24 gold pieces
  8176 | D:8      | Bought a scroll labeled LEANKOJ ULLABB for 27 gold pieces
  8176 | D:8      | Bought a bubbling clear potion for 24 gold pieces
  8205 | D:8      | Found a shimmering altar of Xom.
  8422 | D:8      | Found an ancient bone altar of Kikubaaqudgha.
  8733 | D:9      | Found a hide-covered altar of Uskayaw.
  8821 | D:9      | Reached skill level 5 in Dodging
  8823 | D:9      | Found a deep blue altar of Sif Muna.
  8836 | D:9      | Found a runed translucent gate.
  8837 | D:9      | Found a runed translucent gate.
  8837 | D:9      | Noticed Grendash's ghost (novice HOFi)
  8838 | D:9      | Found a runed translucent gate.
  8920 | D:9      | Found a burning altar of Makhleb.
  9279 | D:9      | Reached ** piety under Makhleb
  9365 | D:8      | Bought 2 brown potions for 48 gold pieces
  9407 | D:10     | Entered Level 10 of the Dungeon
  9511 | D:10     | Found a staircase to the Orcish Mines.
  9532 | D:10     | Reached skill level 5 in Throwing
  9700 | D:10     | Noticed a manticore
 10175 | D:10     | Noticed a two-headed ogre
 10184 | D:10     | Killed a two-headed ogre
 10184 | D:10     | Reached skill level 5 in Armour
 10184 | D:10     | Reached skill level 9 in Unarmed Combat
 10184 | D:10     | Reached skill level 5 in Spellcasting
 10184 | D:10     | Reached XP level 11. HP: 91/91 MP: 17/17
 10321 | D:10     | Noticed Urug
 10399 | D:10     | Killed a manticore
 10552 | D:10     | Found a runed translucent gate.
 10552 | D:10     | Found a runed translucent gate.
 10552 | D:10     | Found a runed translucent gate.
 10553 | D:10     | Identified the +9 dagger "Zamm" {pain, +Fly rC+ Str+3
                  | Int+4}
 10553 | D:10     | Noticed shugdite's ghost (journeyman MiBe)
 11018 | D:10     | Killed Urug
 11155 | D:11     | Slain by an unseen horror

Skill      XL: |  1  2  3  4  5  6  7  8  9 10 |
---------------+-------------------------------+-----
Throwing       | 1 2 3 4 5 |  5.3
Armour         | 1 2 3 4 5 |  5.2
Spellcasting   | 2 3 4 5 |  5.1
Dodging        | 2 3 4 5 |  5.5
Stealth        | 1 2 3 4 5 6 |  6.7
Unarmed Combat | 3 4 5 6 7 9 |  9.3
Fighting       | 3 4 5 6 |  6.5
Invocations    | 1 3 |  3.7
Evocations     | 1 2 |  2.9
Translocations | |  2.6

Action                   |  1- 3 |  4- 6 |  7- 9 | 10-12 || total
-------------------------+-------+-------+-------+-------++-------
Melee: Unarmed           |   118 |   159 |   430 |   184 ||   891
       Punch             |       |     1 |    17 |     5 ||    23
Throw: Stone             |       |   131 |   159 |     9 ||   299
       Tomahawk          |       |     6 |     5 |    48 ||    59
       Javelin           |       |       |    34 |    42 ||    76
 Cast: Shroud of Golubri |       |     1 |    11 |     1 ||    13
Evoke: Wand              |       |       |       |     9 ||     9
  Use: Scroll            |     4 |     4 |     2 |     2 ||    12
       Potion            |       |     5 |     3 |     3 ||    11
 Stab: Invisible         |       |       |     2 |       ||     2
       Distracted        |       |       |     1 |       ||     1
       Sleeping          |       |       |     3 |     3 ||     6
       Paralysed         |       |       |       |     7 ||     7
  Eat: Chunk             |     4 |    25 |    32 |    14 ||    75
Armor: Leather armour    |    17 |    35 |    79 |    68 ||   199
       Robe              |       |    24 |       |       ||    24
Dodge: Dodged            |    64 |    90 |   207 |   151 ||   512
Block: Shield            |       |       |       |     8 ||     8
